 Dungeon Crawl Stone Soup version 0.21.1-1-g345015fe64 (webtiles) character file.

497 Ikesh the Magician (level 6, -3/43 HPs)
             Began as a Mummy Necromancer on Mar 10, 2018.
             Slain by a two-headed ogre
             ... wielding a +0 giant spiked club
              (17 damage)
             ... on level 5 of the Dungeon.
             The game lasted 00:27:13 (5342 turns).

Ikesh the Magician (Mummy Necromancer)              Turns: 5342, Time: 00:27:14

Health: -3/43      AC:  5    Str: 12    XL:     6   Next: 93%
Magic:  0/15       EV: 12    Int: 16    God:
Gold:   168        SH:  0    Dex: 12    Spells: 7/17 levels left

rFire    x . .     SeeInvis .   c - +0 mace (protect)
rCold    + . .     Gourm    .   (no shield)
rNeg     + + +     Faith    .   a - +0 robe
rPois    ∞         Spirit   +   d - +2 hat
rElec    .         Reflect  .   f - scarf {Spirit}
rCorr    .         Harm     .   i - +0 pair of gloves
MR       .....                  (no boots)
Stlth    ++........             (no amulet)
HPRegen  0.14/turn              (no ring)
MPRegen  0.14/turn              (no ring)

@: slowed, very slow
A: no food or potions, fire vulnerability, cold resistance 1, negative energy
resistance 3, torment resistance, unbreathing
a: no special abilities


You were on level 5 of the Dungeon.
You were not hungry.

You visited 1 branch of the dungeon, and saw 6 of its levels.

You collected 168 gold pieces.

Inventory:

Hand Weapons
 c - a +0 mace of protection (weapon)
Armour
 a - a +0 robe (worn)
 d - a +2 hat (worn)
 f - a scarf of spirit shield (worn)
 h - a +0 leather armour
 i - a +0 pair of gloves (worn)
 l - a +1 cloak
Magical Staves
 p - an uncursed staff of cold
Wands
 o - a wand of flame (28)
Scrolls
 e - a scroll of fear
 g - a scroll of fog {unknown}
 j - 2 scrolls of teleportation {unknown}
 k - a scroll of noise {unknown}
 m - a scroll of remove curse {unknown}
 n - a scroll of identify
Books
 b - a book of Necromancy

   Spells                             Type                      Level
   a - Pain                           Necromancy                   1
   b - Animate Skeleton               Necromancy                   1
   c - Vampiric Draining              Necromancy                   3
   d - Regeneration                   Charms/Necromancy            3
   e - Animate Dead                   Necromancy                   4
   f - Borgnjor's Vile Clutch         Necromancy/Earth             5


   Skills:
 + Level 1.5 Fighting
   Level 0.1 Short Blades
   Level 1.0 Polearms
 + Level 2.4 Dodging
 + Level 2.1 Stealth
 + Level 6.0 Spellcasting
 + Level 5.8 Necromancy


You had 7 spell levels left.
You knew the following spells:

 Your Spells              Type           Power        Failure   Level  Hunger
a - Pain                  Necr           ###.         1%          1    N/A
b - Animate Skeleton      Necr           N/A          1%          1    N/A
c - Vampiric Draining     Necr           ###.......   3%          3    N/A
d - Borgnjor's Vile Clut  Necr/Erth      ##........   75%         5    N/A

Dungeon Overview and Level Annotations

Branches:
Dungeon (6/15)
 Temple: D:4-7

Altars:
Dithmenos
Gozag
Qazlal
Yredelemnul

Annotations:
D:3 Grinder
D:4 Ikesh's ghost, amateur MfSk


Innate Abilities, Weirdness & Mutations

You do not eat or drink.
Your flesh is vulnerable to fire.
You are immune to poison.
Your flesh is cold resistant. (rC+)
You are immune to negative energy. (rN+++)
You are immune to unholy pain and torment.
You can survive without breathing.


Message History

Aim: a two-headed ogre, wielding a giant spiked club and a giant club The two-headed ogre is lightly wounded.
You feel life coursing into your body. The orc wizard hits you with a dagger.
The two-headed ogre hits your orc skeleton with a giant spiked club!
Your orc skeleton is destroyed!
The orc wizard casts a spell at you.
You feel yourself slow down.
Casting: Vampiric Draining
Confirm with . or Enter, or press ? or * to list all spells.
You don't have enough magic to cast that spell.
Casting: Vampiric Draining
Confirm with . or Enter, or press ? or * to list all spells.
Aiming: Pain
Press: ? - help, Shift-Dir - straight line, f/p - two-headed ogre
Aim: a two-headed ogre, wielding a giant spiked club and a giant club (lightly wounded, chance to defeat MR: 69%)
The two-headed ogre struggles to resist.
Your orc wizard skeleton barely misses the orc wizard.
The two-headed ogre closely misses you.
The two-headed ogre hits you with a giant club!!
You die...

.#####...#.###.#####.#
..# ##.##........##.#
..# #.######.....#.#
..# #.# #..#..#!###
..# ##'## #..#..#...#
..# ##...##
#.......#..#
..###..<..##
#..##.######
.###.......###..#..#
###.........##..@O%##
..+.........'...%o..##
###.........##...Z...#
##.......###.#####.#
##.....## #.# .#
##...## #.# .# ##'##
#.# # #.# #.#####.#
#.# #.......#


You could see a two-headed ogre, an orc wizard and a friendly orc wizard
skeleton.

Vanquished Creatures
  An ogre (D:5)
  A howler monkey (D:5)
  2 bullfrog zombies
  A hound (D:4)
  2 orc wizards
  Terence (D:2)
  A worker ant (D:4)
  A killer bee zombie (D:5)
  6 adders
  3 worms
  4 leopard geckos
  9 orcs
  3 giant cockroaches
  5 goblins
  7 hobgoblins
  11 jackals
  5 kobolds
  2 quokkas
  7 bats
  4 frilled lizards
  A quokka zombie (D:5)
  5 rats
82 creatures vanquished.

Vanquished Creatures (collateral kills)
  A shadow imp (D:5)
  3 dart slugs
  An orc (D:5)
  A bat (D:1)
  A goblin (D:3)
  2 kobolds (D:2)
  A rat (D:1)
10 creatures vanquished.

Grand Total: 92 creatures vanquished

Notes
Turn   | Place    | Note
-------+----------+-------------------------------------------
     0 | D:1      | Ikesh the Mummy Necromancer began the quest for the Orb.
     0 | D:1      | Reached XP level 1. HP: 13/13 MP: 4/4
    96 | D:1      | Reached XP level 2. HP: 5/19 MP: 0/5
   322 | D:1      | Learned a level 1 spell: Animate Skeleton
   428 | D:1      | Reached skill level 3 in Spellcasting
   871 | D:2      | Reached XP level 3. HP: 24/24 MP: 5/7
   892 | D:2      | Found a basalt altar of Yredelemnul.
  1064 | D:2      | Learned a level 3 spell: Vampiric Draining
  1513 | D:2      | Noticed Terence
  1706 | D:2      | Reached XP level 4. HP: 24/30 MP: 0/9
  1891 | D:2      | Reached skill level 4 in Spellcasting
  2347 | D:2      | Killed Terence
  2637 | D:3      | Reached skill level 5 in Necromancy
  2645 | D:3      | Found an opulent altar of Gozag.
  2850 | D:3      | Noticed Grinder
  3060 | D:4      | Reached XP level 5. HP: 34/36 MP: 6/12
  3063 | D:4      | Found a stormy altar of Qazlal.
  3131 | D:4      | Noticed Ikesh's ghost (amateur MfSk)
  3156 | D:5      | Entered Level 5 of the Dungeon
  3403 | D:5      | Reached skill level 5 in Spellcasting
  3603 | D:5      | Learned a level 5 spell: Borgnjor's Vile Clutch
  3850 | D:5      | Noticed an ogre
  3859 | D:5      | Killed an ogre
  3859 | D:5      | Reached skill level 1 in Fighting
  3859 | D:5      | Reached XP level 6. HP: 39/43 MP: 0/14
  4063 | D:5      | Noticed a two-headed ogre
  4138 | D:5      | Reached skill level 1 in Polearms
  4876 | D:4      | Found a shadowy altar of Dithmenos.
  5235 | D:6      | Noticed a two-headed ogre
  5322 | D:5      | Reached skill level 6 in Spellcasting
  5342 | D:5      | Slain by a two-headed ogre

Skill      XL: |  1  2  3  4  5  6 |
---------------+-------------------+-----
Spellcasting   | 3 4 5 6 |  6.0
Dodging        | 2 |  2.4
Necromancy     | 5 |  5.8
Fighting       | 1 |  1.5
Stealth        | 2 |  2.1
Polearms       | 1 |  1.0
Short Blades   | |  0.1

Action                   |  1- 3 |  4- 6 || total
-------------------------+-------+-------++-------
Melee: Unarmed           |    14 |       ||    14
       Dagger            |    35 |    78 ||   113
       Trident           |       |    60 ||    60
       Mace              |       |    36 ||    36
       Staff             |       |    10 ||    10
 Cast: Pain              |    56 |    56 ||   112
       Animate Skeleton  |    20 |    20 ||    40
       Vampiric Draining |     3 |    21 ||    24
  Use: Scroll            |       |     5 ||     5
 Stab: Sleeping          |     4 |     3 ||     7
Armor: Robe              |     7 |    46 ||    53
Dodge: Dodged            |    34 |   139 ||   173
